 Dungeon Sprint DCSS version 0.26-a0-663-g36e8fdb655 (webtiles) character file.

Game seed: 5365301421529704027

3538 olmar the Eclecticist (level 9, -22/45 HPs)
             Began as a Deep Elf Earth Elementalist on Oct 12, 2020.
             Was an Initiate of Gozag.
             Annihilated by a spriggan berserker
             ... wielding a +0 war axe
              (41 damage)
             ... in the Dungeon (Sprint IV: "Fedhas' Mad Dash").
             The game lasted 00:07:10 (2921 turns).

olmar the Eclecticist (Deep Elf Earth Elementalist) Turns: 2921, Time: 00:07:11

Health: -22/45     AC:  2    Str:  5    XL:     9   Next: 82%
Magic:  8/34       EV: 13    Int: 24    God:    Gozag
Gold:   939        SH:  0    Dex: 15    Spells: 25/46 levels left

rFire    . . .     SeeInvis .   k - staff of air
rCold    . . .     Faith    .   (no shield)
rNeg     . . .     Spirit   .   c - +0 robe
rPois    .         Reflect  .   (no helmet)
rElec    +         Harm     .   (no cloak)
rCorr    .         Rampage  .   (no gloves)
MR       .....     NoTele   +   (no boots)
Stlth    ++........             f - amulet of invisibility {+Inv}
HPRegen  0.15/turn              (no ring)
MPRegen  0.24/turn              (no ring)

@: no status effects
A: no striking features
a: Potion Petition, Call Merchant, Bribe Branch, Renounce Religion, Evoke
Invisibility


You were in the Dungeon.
You worshipped Gozag.
Gozag was pleased with you.
You visited 1 branch You collected 1745 gold pieces.
You spent 806 gold pieces at shops.

Inventory:

Missiles
 b - 13 stones (quivered)
Armour
 c - a +0 robe (worn)
Magical Staves
 k - an uncursed staff of air (weapon)
Jewellery
 f - the amulet of invisibility (around neck) {+Inv}
   (You found it in the Dungeon)

   [amulet of nothing]

   It lets you turn invisible.
Scrolls
 a - a scroll of fear {unknown}
 e - a scroll of enchant weapon {unknown}
 j - 3 scrolls of identify {unknown}
Potions
 d - 4 potions of curing
 g - 2 potions of magic
 h - 2 potions of might
 l - a potion of flight
 m - a potion of brilliance
 n - 3 potions of lignification
 p - a potion of mutation
 q - a potion of invisibility
 r - a potion of resistance
Miscellaneous
 s - a phial of floods


   Skills:
 - Level 2.4 Dodging
 - Level 2.4 Stealth
 - Level 0.1 Unarmed Combat
 + Level 19.2 Spellcasting
 + Level 1.4 Transmutations
 + Level 16.9 Earth Magic
 - Level 1.5 Evocations


You had 25 spell levels left.
You knew the following spells:

 Your Spells              Type           Power        Failure   Level
a - Sandblast             Erth           ######       0%          1
b - Stone Arrow           Conj/Erth      ######       1%          3
c - Lee's Rapid Deconstr  Erth           #######...   1%          5
d - Petrify               Tmut/Erth      ######..     1%          4
e - Mephitic Cloud        Conj/Pois/Air  ####....     6%          3
f - Conjure Flame         Conj/Fire      ###.....     6%          3
g - Call Imp              Summ           ###.....     3%          2

Your spell library contained the following spells:

 Spells                   Type           Power        Failure   Level
 Magic Dart               Conj           ###.         1%          1
 Passwall                 Tmut/Erth      ######..     1%          2
 Blink                    Tloc           N/A          3%          2
 Slow                     Hex            ###.....     3%          2


Dungeon Overview and Level Annotations

Branches:
Dungeon (1/1)

Altars:
Cheibriados
Dithmenos
Elyvilon
Gozag
Hepliaklqana
Kikubaaqudgha
Makhleb
Nemelex Xobeh
Okawaru
Qazlal
Ru
Sif Muna
Trog
Uskayaw
Vehumet
Wu Jian
Xom
Yredelemnul
Zin
The Shining One
Beogh
Jiyva
Lugonu

Shops:
D (!::

Annotations:
D exclusion: 2 oklob plants, Agnes


Message History

Here: a spriggan berserker, wielding a +0 war axe and wearing a +0 animal skin The floor, spattered with blood.
Unknown command.
Casting: Call Imp (safe; 3% risk of failure)
Confirm with . or Enter, or press ? or * to list all spells.
A beastly little devil appears in a puff of flame.
The spriggan berserker mumbles some strange prayers to Trog.
The spriggan berserker goes berserk!
Your white imp completely misses the spriggan berserker.
Unknown command.
The spriggan berserker hits you with a +0 war axe.
The spriggan berserker hits your crimson imp with a +0 war axe!!
Your crimson imp dies!
Casting: Call Imp (safe; 3% risk of failure)
Confirm with . or Enter, or press ? or * to list all spells.
A beastly little devil appears in a puff of flame.
The spriggan berserker hits you with a +0 war axe!!!
Ouch! That really hurt!
You die...
Your body crumbles into a pile of gold.

.#...'.._._._._._..'..#...#....'.
.#...#..._._._._...#..###'##.(.##
###'##.._._._._._..#.[##∩∩.'...##
.'...#._._._._._.⌠.#############
.#...###################..P.$
######♣♣♣♣♣..♣(###.'.(+.....!$
##.)'......♣..♣##..#..#.P....
....#♣..♣♣♣.♣.5###5##i# .P.P.
....#.♣♣..♣...♣'@i.# .♣ ####
###### ############# .§ ..♣ ...
...5 ####


You could see a spriggan berserker (berserk), a friendly crimson imp (summoned)
and a friendly white imp (summoned).

Vanquished Creatures
  A spriggan druid (D)
  3 oklob plants (D)
  3 wandering mushrooms (D)
  3 burning bushes (D)
  A queen bee (D)
  2 scorpions (D)
  4 killer bees (D)
  5 oklob saplings (D)
  A worker ant (D)
  2 spriggans (D)
  A river rat (D)
  A rat (D)
  A ballistomycete spore (D)
28 creatures vanquished.

Notes
Turn   | Place    | Note
-------+----------+-------------------------------------------
     0 | D        | olmar the Deep Elf Earth Elementalist began the quest for
                  | the Orb.
     0 | D        | Reached XP level 1. HP: 10/10 MP: 6/6
    22 | D        | Reached skill level 4 in Spellcasting
    22 | D        | Reached skill level 5 in Earth Magic
    22 | D        | Reached XP level 2. HP: 10/15 MP: 5/9
   174 | D        | Noticed an oklob sapling
   178 | D        | Killed an oklob sapling
   178 | D        | Reached skill level 5 in Spellcasting
   178 | D        | Reached XP level 3. HP: 19/19 MP: 6/12
   182 | D        | Found the amulet of invisibility {+Inv}
   183 | D        | Reached skill level 6 in Spellcasting
   256 | D        | Noticed an oklob sapling
   258 | D        | Killed an oklob sapling
   258 | D        | Reached skill level 7 in Spellcasting
   258 | D        | Reached XP level 4. HP: 24/24 MP: 9/15
   270 | D        | Learned a level 3 spell: Stone Arrow
   322 | D        | Found an opulent altar of Gozag.
   322 | D        | Found a hazy altar of Hepliaklqana.
   322 | D        | Found a roughly hewn altar of Beogh.
   322 | D        | Found a snail-covered altar of Cheibriados.
   323 | D        | Found a viscous altar of Jiyva.
   323 | D        | Found a burning altar of Makhleb.
   323 | D        | Found a sparkling altar of Nemelex Xobeh.
   323 | D        | Found a sacrificial altar of Ru.
   323 | D        | Found a shimmering blue altar of Sif Muna.
   323 | D        | Found a bloodstained altar of Trog.
   323 | D        | Found an ornate altar of the Wu Jian Council.
   323 | D        | Found a shimmering altar of Xom.
   323 | D        | Found a basalt altar of Yredelemnul.
   324 | D        | Found an iron altar of Okawaru.
   324 | D        | Found a shadowy altar of Dithmenos.
   324 | D        | Found a glowing silver altar of Zin.
   325 | D        | Found an ancient bone altar of Kikubaaqudgha.
   325 | D        | Found a hide-covered altar of Uskayaw.
   326 | D        | Found a stormy altar of Qazlal.
   326 | D        | Found a white marble altar of Elyvilon.
   326 | D        | Found a glowing golden altar of the Shining One.
   327 | D        | Became a worshipper of Gozag Ym Sagoz the Greedy
   328 | D        | Found a radiant altar of Vehumet.
   328 | D        | Found a corrupted altar of Lugonu.
   333 | D        | Reached skill level 8 in Spellcasting
   333 | D        | Reached skill level 1 in Evocations
   387 | D        | Reached skill level 9 in Spellcasting
   387 | D        | Reached XP level 5. HP: 28/28 MP: 11/18
   394 | D        | Learned a level 5 spell: Lee's Rapid Deconstruction
   428 | D        | Reached skill level 10 in Earth Magic
   428 | D        | Reached skill level 10 in Spellcasting
   442 | D        | Found Mirchotwe's Distillery.
   443 | D        | Found Uckacsit's Antique Weapon Emporium.
   466 | D        | Noticed a burning bush
   466 | D        | Noticed a wandering mushroom
   470 | D        | Killed a wandering mushroom
   470 | D        | Reached skill level 12 in Spellcasting
   470 | D        | Reached XP level 6. HP: 32/32 MP: 9/23
   478 | D        | Reached XP level 7. HP: 36/36 MP: 0/25
   607 | D        | Noticed a wandering mushroom
   612 | D        | Killed a wandering mushroom
   612 | D        | Reached skill level 13 in Spellcasting
   697 | D        | Killed a burning bush
   697 | D        | Reached skill level 14 in Spellcasting
   710 | D        | Found Yxaum's Book Emporium.
   710 | D        | Found Rumeob's Book Shoppe.
   806 | D        | Noticed a queen bee
   810 | D        | Reached XP level 8. HP: 41/41 MP: 16/28
   939 | D        | Reached skill level 15 in Spellcasting
   939 | D        | Killed a queen bee
  1023 | D        | Killed an oklob plant
  1023 | D        | Reached skill level 16 in Spellcasting
  1023 | D        | Reached skill level 15 in Earth Magic
  1102 | D        | Killed a burning bush
  1148 | D        | Noticed a burning bush
  1148 | D        | Noticed an oklob plant
  1157 | D        | Killed a burning bush
  1157 | D        | Reached skill level 17 in Spellcasting
  1157 | D        | Reached XP level 9. HP: 30/45 MP: 6/32
  1270 | D        | Noticed a wandering mushroom
  1448 | D        | Killed an oklob plant
  1450 | D        | Killed a wandering mushroom
  1450 | D        | Reached skill level 18 in Spellcasting
  1633 | D        | Bought a potion of flight for 39 gold pieces
  1633 | D        | Bought a potion of curing for 39 gold pieces
  1633 | D        | Bought a potion of brilliance for 52 gold pieces
  1633 | D        | Bought 2 potions of lignification for 78 gold pieces
  1633 | D        | Bought a potion of heal wounds for 65 gold pieces
  1633 | D        | Bought a potion of curing for 39 gold pieces
  1633 | D        | Bought a potion of mutation for 104 gold pieces
  1633 | D        | Bought a potion of might for 52 gold pieces
  1633 | D        | Bought a potion of invisibility for 104 gold pieces
  1633 | D        | Bought a potion of heal wounds for 65 gold pieces
  1633 | D        | Bought a potion of resistance for 130 gold pieces
  1633 | D        | Bought a potion of lignification for 39 gold pieces
  1782 | D        | Learned a level 4 spell: Petrify
  1992 | D        | Noticed a spriggan druid
  1999 | D        | Killed a spriggan druid
  1999 | D        | Reached skill level 19 in Spellcasting
  2436 | D        | Killed an oklob plant conjurer
  2468 | D        | Learned a level 3 spell: Mephitic Cloud
  2472 | D        | Learned a level 3 spell: Conjure Flame
  2597 | D        | Noticed Agnes
  2708 | D        | Noticed an oklob plant
  2708 | D        | Noticed an oklob plant summoner
  2904 | D        | Learned a level 2 spell: Call Imp
  2913 | D        | Noticed a spriggan berserker
  2921 | D        | Annihilated by a spriggan berserker

Illustrated notes

Levels and vault maps discovered:
D:        dungeon_sprint_fedhas [sprint_temple]

Skill      XL: |  1  2  3  4  5  6  7  8  9 |
---------------+----------------------------+-----
Spellcasting   | 4 5 7 9 12 14 17 19 | 19.2
Earth Magic    | 5 6 8 9 12 14 15 16 | 16.9
Evocations     | 1 |  1.5
Dodging        | |  2.4
Stealth        | |  2.4
Unarmed Combat | |  0.1
Transmutations | |  1.4

Action                   |  1- 3 |  4- 6 |  7- 9 || total
-------------------------+-------+-------+-------++-------
Melee: Unarmed           |     3 |       |       ||     3
 Cast: Sandblast         |     8 |     9 |       ||    17
       Lee's Rapid Decon |       |     4 |    40 ||    44
       Call Imp          |       |       |     6 ||     6
       Petrify           |       |       |     3 ||     3
 Abil: Evoke Invisibilit |     1 |     2 |     2 ||     5
  Use: Potion            |     3 |       |     2 ||     5
       Scroll            |       |       |     1 ||     1
Dodge: Dodged            |     3 |       |     3 ||     6

Table legend: (Time is in decaauts)
 A = Elapsed time spent in this place.
 B = Non-inter-level travel time spent in this place.
 C = Inter-level travel time spent in this place.
 D = Time resting spent in this place.
 E = Time spent auto-exploring this place.
 F = Levels seen in this place.
 G = Mean time per level.
                   A        B        C        D        E       F      G
               +--------+--------+--------+--------+--------+-----+--------+
         Total |   2911 |   2776 |    135 |   2386 |      0 |   1 | 2911.0 |
       Dungeon |   2911 |   2776 |    135 |   2386 |      0 |   1 | 2911.0 |
               +--------+--------+--------+--------+--------+-----+--------+

Top non-repeatable levels by time:
       D: 2911 daAuts
